 Dungeon Crawl Stone Soup version 0.23-a0-32-g1388f29e54 (webtiles) character file.

45 Chiseanne the Skirmisher (level 3, -3/31 HPs)
             Began as a Demonspawn Wanderer on Aug 4, 2018.
             Slain by a gnoll
             ... wielding a +0 spear
              (6 damage)
             ... on level 2 of the Dungeon.
             The game lasted 00:03:25 (1083 turns).

Chiseanne the Skirmisher (Demonspawn Wanderer)      Turns: 1083, Time: 00:03:25

Health: -3/31      AC:  7    Str: 11    XL:     3   Next: 42%
Magic:  3/3        EV:  9    Int: 12    God:
Gold:   31         SH:  0    Dex: 15    Spells: 2/2 levels left

rFire    . . .     SeeInvis .   a - +2 hand axe
rCold    . . .     Gourm    .   (no shield)
rNeg     . . .     Faith    .   l - +1 scale mail
rPois    .         Spirit   .   (no helmet)
rElec    .         Reflect  .   (no cloak)
rCorr    .         Harm     .   (no gloves)
MR       .....                  (no boots)
Stlth    ..........             (no amulet)
HPRegen  0.10/turn              (no ring)
MPRegen  0.08/turn              (no ring)

@: no status effects
A: powered by death 2
a: no special abilities


You were on level 2 of the Dungeon.
You were hungry.

You visited 1 branch of the dungeon, and saw 2 of its levels.

You collected 31 gold pieces.

Inventory:

Hand Weapons
 a - a +2 hand axe (weapon)
Missiles
 g - 57 stones (quivered)
Armour
 l - a +1 scale mail (worn)
Scrolls
 e - 2 scrolls of remove curse
 i - a scroll of identify
Potions
 h - 4 potions of resistance
 n - a potion of haste {unknown}
Comestibles
 d - 3 rations


   Skills:
 * Level 4.5 Fighting
 - Level 1.7(1.9) Axes
   Level 1.0(1.5) Polearms
 * Level 1.1 Armour
 * Level 2.0 Dodging
 - Level 1.0 Stealth
   Level 1.0 Evocations


You had 2 spell levels left.
You didn't know any spells.
Your spell library was empty.

Dungeon Overview and Level Annotations

Branches:
Dungeon (2/15)

Altars:


Innate Abilities, Weirdness & Mutations

You regenerate health from kills.


Message History

Your Armour skill increases to level 1!
Your Dodging skill increases to level 2!
The gnoll hits you from afar with a spear.
* * * LOW HITPOINT WARNING * * *
You feel better. The gnoll barely misses you.
Okay, then.
The gnoll barely misses you.
You hit the gnoll.
The gnoll is lightly wounded.
The gnoll closely misses you.
You hit the gnoll but do no damage.
The gnoll is lightly wounded.
You hit the gnoll. The gnoll hits you but does no damage.
The gnoll hits you with a spear!
* * * LOW HITPOINT WARNING * * *
You barely miss the gnoll.
The gnoll is lightly wounded.
You barely miss the gnoll. The gnoll closely misses you.
The gnoll hits you with a spear.
You die...

########*
#......,*
#.....#,*
#.....#.#
###.....#.#
#.......#.###
######.#.....#....
#ggg.............,
#@#....#.#####.###
#.#...g...')w.>...
#.#.......###†####
#.#...)...+.......
#.#.......#.#g##..
#.#.......#.#.#,,.
#.#.......#,#g#**,
#.#.......#,#g# *,
#.######+##,#w# *,


You could see 3 gnolls.

Vanquished Creatures
  A gnoll (D:2)
  An ooze (D:2)
  3 dart slugs (D:1)
  3 leopard geckos (D:1)
  2 goblins (D:1)
  3 hobgoblins
  2 kobolds
  2 bats (D:1)
  2 frilled lizards (D:1)
  4 rats (D:1)
23 creatures vanquished.

Notes
Turn   | Place    | Note
-------+----------+-------------------------------------------
     0 | D:1      | Chiseanne the Demonspawn Wanderer began the quest for the Orb.
     0 | D:1      | Chiseanne set off with: a +2 hand axe, 2 potions of curing, a +0 robe, a ration
     0 | D:1      | Reached XP level 1. HP: 19/19 MP: 1/1
   448 | D:1      | Gained mutation: You regenerate a little health from kills. [demonic ancestry]
   448 | D:1      | Reached XP level 2. HP: 25/25 MP: 2/2
  1034 | D:2      | Gained mutation: You regenerate health from kills. [demonic ancestry]
  1034 | D:2      | Reached XP level 3. HP: 31/31 MP: 3/3
  1065 | D:2      | HP: 1/31 [gnoll/club (4)]
  1068 | D:2      | Reached skill level 1 in Armour
  1083 | D:2      | Slain by a gnoll

Vault maps used:
D:1:      dpeg_arrival_yet_another_circle, nrook_mini_backslash,
          minmay_quantized
D:2:      first_ration, minivault_11, minmay_crystal_room, minmay_pentomino_z2,
          uniq_crazy_yiuf_cottage, uniq_sigmund

Skill      XL: |  1  2  3 |
---------------+----------+-----
Armour         | 1 |  1.1
Dodging        | 2 |  2.0
Fighting       | |  4.5
Axes           | |  1.7
Polearms       | |  1.0
Stealth        | |  1.0
Evocations     | |  1.0

Action                   || total
-------------------------++-------
Melee: Hand axe          ||    67
  Use: Scroll            ||     9
       Potion            ||     2
Armor: Scale mail        ||    16
Dodge: Dodged            ||    36

Table legend:
 A = Spawn XP
 B = Non-spawn XP
 C = Spawn XP percentage of total XP
 D = Spawn monster count
 E = Non-spawn monster count
 F = Spawn count percentage of total count
 G = Total turns spent on level
                    A         B        C        D         E        F      G
               +---------+---------+-------+---------+---------+-------+---------
         Total |       0 |      65 |   0.0 |       0 |      23 |   0.0 |  1083
               +---------+---------+-------+---------+---------+-------+---------
           D:1 |       0 |      39 |   0.0 |       0 |      19 |   0.0 |  1021
           D:2 |       0 |      26 |   0.0 |       0 |       4 |   0.0 |    62
               +---------+---------+-------+---------+---------+-------+---------
